 Dungeon Crawl Stone Soup version 0.25-a0-317-g5f8687bca5 (webtiles) character file.

Game seed: 2361375578333261981, levelgen mode: deterministic

705 DerDa the Magician (level 7, -7/41 HPs)
             Began as an Octopode Fire Elementalist on Dec 27, 2019.
             Killed by divine providence
             ... invoked by an orc priest
              (14 damage)
             ... on level 4 of the Dungeon.
             The game lasted 00:11:48 (4214 turns).

DerDa the Magician (Octopode Fire Elementalist)     Turns: 4214, Time: 00:11:48

Health: -7/41      AC:  1    Str:  7    XL:     7   Next: 67%
Magic:  8/15       EV: 13    Int: 19    God:
Gold:   208        SH:  0    Dex: 13    Spells: 4/17 levels left

rFire    . . .     SeeInvis .   v - +0 falchion
rCold    . . .     Gourm    .   (no shield)
rNeg     . . .     Faith    .   (helmet restricted)
rPois    .         Spirit   .   (no amulet)
rElec    .         Reflect  .   (no ring)
rCorr    .         Harm     .   (no ring)
MR       .....                  (no ring)
Stlth    +++.......             (no ring)
HPRegen  0.13/turn              (no ring)
MPRegen  0.14/turn              (no ring)
                                (no ring)
                                (no ring)

@: no status effects
A: almost no armour, stealthy swim, amphibious, 8 rings, constrict 8, camouflage
1, gelatinous body 1
a: no special abilities


You were on level 4 of the Dungeon.
You were very hungry.

You visited 2 branches of the dungeon, and saw 5 of its levels.

You collected 208 gold pieces.

Inventory:

Hand Weapons
 l - a +0 short sword
 v - a +0 falchion (weapon)
Missiles
 e - 68 stones (quivered)
 f - 33 bolts
 k - 2 boomerangs
 p - 8 javelins
 s - 49 sling bullets
Scrolls
 c - 5 scrolls of remove curse {unknown}
 g - 2 scrolls of magic mapping {unknown}
 h - a scroll of fog {unknown}
 j - 2 scrolls of fear {unknown}
 m - 3 scrolls of teleportation {unknown}
 n - 3 scrolls of identify {unknown}
 q - 2 scrolls of amnesia {unknown}
 r - a scroll of enchant weapon {unknown}
 t - a scroll of noise {unknown}
 w - a scroll of enchant armour {unknown}
Potions
 a - a potion of heal wounds {unknown}
 d - a potion of cancellation {unknown}
 i - a potion of agility {unknown}
 o - a potion of might {unknown}
 u - 3 potions of degeneration {unknown}
 x - a potion of flight {unknown}
Comestibles
 b - 8 rations


   Skills:
 - Level 2.0 Dodging
 - Level 2.6 Stealth
 * Level 5.6 Spellcasting
 + Level 4.0 Conjurations
 + Level 5.0 Fire Magic


You had 4 spell levels left.
You knew the following spells:

 Your Spells              Type           Power        Failure   Level  Hunger
a - Foxfire               Conj/Fire      ###.         1%          1    None
b - Inner Flame           Hex/Fire       ##......     12%         3    ##.....
c - Sticky Flame          Conj/Fire      ###.....     19%         4    ####...
d - Fireball              Conj/Fire      ###.......   45%         5    #####..

Your spell library contained the following spells:

 Spells                   Type           Power        Failure   Level  Hunger
 Conjure Flame            Conj/Fire      ###.....     5%          3    ##.....


Dungeon Overview and Level Annotations

Branches:
Dungeon (4/15)             Temple (1/1) D:4

Altars:
Cheibriados
Elyvilon
Fedhas
Gozag
Kikubaaqudgha
Makhleb
Okawaru
Qazlal
Uskayaw
Vehumet
Wu Jian
Xom
Yredelemnul
Zin
The Shining One
Beogh

Annotations:
D:4 uhmor's ghost, weakling TeSu


Innate Abilities, Weirdness & Mutations

You cannot wear most types of armour.
You are very stealthy in the water. (Stealth+)
You are amphibious.
You can wear up to eight rings at the same time.
You can use your tentacles to constrict eight enemies at once.
Your skin changes colour to match your surroundings (Stealth+).
Your rubbery body absorbs attacks. (AC +1, EV +1)


Message History

The foxfire hits the orc.
The orc is almost dead.
The foxfire hits the orc priest but does no damage.
The orc priest is heavily wounded.
The orc priest miscasts a cantrip.
The orc priest invokes the aid of Beogh against you.
Beogh smites you!
* * * LOW HITPOINT WARNING * * *
Uhmor's ghost mumbles some strange words.
The bat hits you.
* * * LOW HITPOINT WARNING * * *
The bat closely misses you. The bat barely misses you.
The bat closely misses you.
You riposte.
You miss the bat. You grab the bat.
Uhmor's ghost casts a spell.
The bat hits you but does no damage.
You release your grip on the bat.
The rat disappears in a puff of smoke!
The orc priest calls down the wrath of Beogh upon you.
Beogh smites you!
You die...

.# #.# #.# #.# #.........# .# #.#
#.# #.# #.######### .# #.# #.#
#.# #.########### .####.#####.#
#.# #............ .......<....#
#.# #..##########
###############.# #..#
.............##.# #..#
..)#########.##.#####.r# ##.#
#.#..@b.o.ยง.###### .#.#
#.#).#####.Worr.o### .#.# #.#..#
#######.oo## .#.# #.#..#
#####.#..## .#.# #.#..#
#8....W.... .#.# ##.#.)#
#######o)'# .#.########..#..#
#....o)... .#........#.##..#
#....#####
.########.#.##..########.###.....


You could see an orc warrior, an orc priest, uhmor's ghost, a quokka and a bat.

Vanquished Creatures
  Grinder (D:3)
  An ogre (D:4)
  A scorpion (D:4)
  A centaur skeleton (D:4)
  4 orc priests
  An orc wizard (D:4)
  3 worker ants
  A hound skeleton (D:4)
  An adder (D:2)
  An ooze (D:3)
  2 adder skeletons (D:4)
  2 dart slugs (D:1)
  3 leopard geckos (D:2)
  6 orcs
  7 giant cockroaches
  10 goblins
  9 hobgoblins
  6 jackals
  2 quokkas (D:3)
  4 ball pythons
  9 bats
  3 frilled lizards
  7 kobolds
  12 rats
97 creatures vanquished.

Vanquished Creatures (others)
  A human (D:4)
  220 foxfires
221 creatures vanquished.

Grand Total: 318 creatures vanquished

Notes
Turn   | Place    | Note
-------+----------+-------------------------------------------
     0 | D:1      | DerDa the Octopode Fire Elementalist began the quest for
                  | the Orb.
     0 | D:1      | Reached XP level 1. HP: 11/11 MP: 3/3
   191 | D:1      | Reached XP level 2. HP: 15/17 MP: 3/5
   541 | D:1      | Reached XP level 3. HP: 15/21 MP: 2/7
  1428 | D:2      | Found a faded altar of an unknown god.
  1583 | D:2      | Found a shimmering altar of Xom.
  1583 | D:2      | Found a burning altar of Makhleb.
  1583 | D:2      | Found a shimmering altar of Xom.
  1583 | D:2      | Found a glowing golden altar of the Shining One.
  1583 | D:2      | Found a glowing golden altar of the Shining One.
  1583 | D:2      | Found a burning altar of Makhleb.
  1665 | D:2      | Reached XP level 4. HP: 26/27 MP: 4/8
  2367 | D:3      | Noticed Grinder
  2373 | D:3      | Learned a level 3 spell: Inner Flame
  2378 | D:3      | Learned a level 4 spell: Sticky Flame
  2383 | D:3      | Killed Grinder
  2383 | D:3      | Reached XP level 5. HP: 29/31 MP: 5/11
  2383 | D:3      | Reached XP level 6. HP: 34/36 MP: 5/12
  3168 | D:3      | HP: 1/36 [orc priest/divine providence (11)]
  3464 | D:4      | Reached XP level 7. HP: 38/41 MP: 7/14
  3513 | D:4      | Learned a level 5 spell: Fireball
  3520 | D:4      | Reached skill level 5 in Spellcasting
  3549 | D:4      | Found a staircase to the Ecumenical Temple.
  3571 | Temple   | Entered the Ecumenical Temple
  3832 | D:4      | Found a runed translucent gate.
  3832 | D:4      | Found a runed translucent gate.
  3832 | D:4      | Noticed uhmor's ghost (weakling TeSu)
  3833 | D:4      | Found a runed translucent gate.
  3834 | D:4      | Identified the +10 dagger of Risk Management {flame,
                  | *Corrode rElec Str+2 SInv}
  3835 | D:4      | Identified the +8 hand axe "Monupt" {drain, rF+ Str+3}
  3835 | D:4      | Identified the cursed +1 chain mail "Kush" {Regen+ Slay+3}
  3838 | D:4      | Found a roughly hewn altar of Beogh.
  3928 | D:4      | Reached skill level 5 in Fire Magic
  4068 | D:4      | Found an ancient bone altar of Kikubaaqudgha.
  4071 | D:4      | Noticed a human
  4073 | D:4      | Killed a human
  4214 | D:4      | Killed from afar by an orc priest

Levels and vault maps discovered:
D:1:      dpeg_arrival_round_c, layout_basic, lemuel_flame_loot_1
D:2:      layout_loops_ring, chequers_ecumenical_altar_simple_redux,
          doesnt_xom_only_xom
D:3:      lemuel_upstairs_altar, layout_loops_ring, uniq_grinder
D:4:      layout_loops_ring, temple_hall, biasface_ghost_orc_armoury,
          tgw_kikubaaqudgha
Temple:   nicolae_temple_great_sept

Skill      XL: |  1  2  3  4  5  6  7 |
---------------+----------------------+-----
Spellcasting   | 3 4 5 |  5.6
Conjurations   | 2 3 4 |  4.0
Fire Magic     | 4 5 |  5.0
Dodging        | |  2.0
Stealth        | |  2.6

Action                   |  1- 3 |  4- 6 |  7- 9 || total
-------------------------+-------+-------+-------++-------
Melee: Unarmed           |    14 |       |       ||    14
       Constrict         |     8 |     9 |     2 ||    19
       Tentacles         |     6 |     2 |     1 ||     9
       Short sword       |    17 |    22 |       ||    39
       Falchion          |       |     5 |     3 ||     8
 Cast: Foxfire           |    58 |    66 |    30 ||   154
       Sticky Flame      |       |     2 |     1 ||     3
 Stab: Sleeping          |     3 |     3 |       ||     6
  Eat: Chunk             |     2 |     4 |       ||     6
       Ration            |       |     1 |       ||     1
Armor: Skin              |     3 |     5 |     1 ||     9
Dodge: Dodged            |    24 |    39 |     8 ||    71
       Rpst.: Falchion   |       |     6 |     3 ||     9

Table legend:
 A = Non-vault XP
 B = Vault XP
 C = Vault XP percentage of total XP
 D = Non-vault monster count
 E = Vault monster count
 F = Vault count percentage of total count
                 A         B        C        D         E       F
            +---------+---------+-------+---------+---------+-------
      Total |     667 |     341 |  33.8 |      91 |       6 |   6.2
            +---------+---------+-------+---------+---------+-------
        D:1 |      45 |       0 |   0.0 |      24 |       0 |   0.0
        D:2 |      46 |       0 |   0.0 |      22 |       0 |   0.0
        D:3 |     125 |     286 |  69.6 |      30 |       1 |   3.2
        D:4 |     451 |      55 |  10.9 |      15 |       5 |  25.0
            +---------+---------+-------+---------+---------+-------
